 Dungeon Crawl Stone Soup version 0.31-a0-265-gcf7e37af1d (webtiles) character file.

Game seed: 4352275321020323484

287 qw the Shooter (level 6, -6/52 HPs)
             Began as a Minotaur Hexslinger on July 13, 2023.
             Mangled by an ogre
             ... wielding a +0 giant club
              (17 damage)
             ... on level 4 of the Dungeon.
             The game lasted 00:01:13 (3041 turns).

qw the Shooter (Minotaur Hexslinger)                Turns: 3041, Time: 00:01:14

Health: -6/52      AC:  7    Str: 12    XL:     6   Next: 8%
Magic:  6/6        EV: 11    Int: 10    God:
Gold:   215        SH:  0    Dex: 15    Spells: 6/7 levels left

rFire   . . .        Y - +1 sling
rCold   . . .        (no shield)
rNeg    . . .        m - +0 ring mail
rPois   +            (helmet restricted)
rElec   .            h - +0 cloak
rCorr   .            (no gloves)
SInv    .            f - +0 pair of boots
Will    .....        e - amulet of faith
Stlth   +            j - ring of poison resistance
HPRegen 0.28/turn    (no ring)
MPRegen 0.10/turn

%: faith
@: about to teleport
A: horns 2, retaliatory headbutt
a: no special abilities


You were on level 4 of the Dungeon.
You visited 1 branch of the dungeon, and saw 4 of its levels.

You collected 215 gold pieces.


Innate Abilities, Weirdness & Mutations

You have a pair of horns on your head.
You reflexively headbutt those who attack you in melee.


   Skills:
 + Level 3.9 Fighting
 - Level 6.0 Ranged Weapons
 - Level 1.0 Armour
 - Level 2.1 Dodging
 - Level 1.0 Spellcasting
 - Level 2.0 Hexes


You had 6 spell levels left.
You knew the following spells:

 Your Spells              Type           Power      Damage    Failure   Level
a - Slow                  Hex            16%        N/A       34%         1

Your spell library contained the following spells:

 Spells                   Type           Power      Damage    Failure   Level
 Inner Flame              Hex/Fire       2%         N/A       83%         3
 Portal Projectile        Hex/Tloc       4%         N/A       83%         3
 Cause Fear               Hex            2%         N/A       98%         4

Inventory:

Hand Weapons
 Y - a +1 sling (weapon)
Armour
 f - a +0 pair of boots (worn)
 h - a +0 cloak (worn)
 m - a +0 ring mail (worn)
Jewellery
 e - an amulet of faith (around neck)
 g - a ring of protection from fire
 j - a ring of poison resistance (left hand)
Scrolls
 k - a scroll of identify
Potions
 a - a potion of heal wounds
 c - a potion of mutation
 d - a potion of haste {unknown}
 i - a potion of degeneration {unknown}
 l - a potion of ambrosia {unknown}
 n - a potion of curing {unknown}

Dungeon Overview and Level Annotations

Branches:
Dungeon (4/15)
 Temple: D:4-7

Altars:
Elyvilon
Xom
Zin

Shops:
D:3 :


Message History

The giant cockroach misses you.
You shoot a sling bullet.
The sling bullet hits the giant cockroach.
You kill the giant cockroach!
Found a spear.
Enter note:
Enter note:
Enter note:
Enter note:
Enter note:
Enter note: You now have 215 gold pieces (gained 6).
Things that are here:
a +0 club; an orc corpse
There is a stone staircase leading down here.
An ogre comes into view. It is wielding a +0 giant club.
Enter note:
Enter note:
Enter note:
Enter note:
Enter note:
Enter note: You shoot a sling bullet.
The sling bullet hits the ogre!
The ogre is moderately wounded.
The ogre misses you. You furiously retaliate!
You headbutt the ogre, but do no damage.
You shoot a sling bullet. The sling bullet hits the ogre.
The ogre is moderately wounded.
You shoot a sling bullet.
The sling bullet barely misses the ogre.
The ogre hits you with a +0 giant club!
You shoot a sling bullet.
The sling bullet completely misses the ogre.
The ogre hits you with a +0 giant club!!
Ouch! That really hurt!
3041 ||| READING scroll of teleportation.
As you read the scroll of teleportation, it crumbles to dust.
You feel strangely unstable. The ogre hits you with a +0 giant club!
You die...

### #># #######..#
#.# #........###
#.# #.######....
#.# #.# ###.##. #.#
#.####...... #.#
#........... #.#
######.#.##. #.####
#...##. #..@.#
#.####. ####O# #.#
#. .# ###.# #. .#
#...# #. .# #.#.#
#. .# ##.#.## #.
###.######.....###.
.....).............
#
#######.##.....####


You could see an ogre.

Vanquished Creatures
  A phantom (D:4)
  A scorpion (D:4)
  4 gnolls (D:3)
  An adder (D:3)
  A worm (D:2)
  3 dart slugs
  8 orcs
  7 ball pythons
  6 bats
  2 endoplasms
  8 giant cockroaches
  7 goblins
  8 hobgoblins
  8 jackals
  A quokka (D:1)
  12 frilled lizards (D:2)
  7 kobolds
  4 rats
89 creatures vanquished.

Notes
Turn   | Place    | Note
-------+----------+-------------------------------------------
     0 | D:1      | qw the Minotaur Hexslinger began the quest for the Orb.
     0 | D:1      | Reached XP level 1. HP: 16/16 MP: 1/1
     0 | D:1      | 0 ||| qw: Version: 0.3-a-52-g30416fa
     0 | D:1      | 0 ||| qw: Game counter: 7581
     0 | D:1      | 0 ||| qw: Melee chars always use a shield: true
     0 | D:1      | 0 ||| qw: God list: Okawaru
     0 | D:1      | 0 ||| qw: Allow faded altars: false
     0 | D:1      | 0 ||| qw: Do Orc after clearing Dungeon:15 true
     0 | D:1      | 0 ||| qw: Do second Lair branch before Depths: true
     0 | D:1      | 0 ||| qw: Lair rune preference: random
     0 | D:1      | 0 ||| qw: Goals: Normal
     0 | D:1      | 0 ||| PLANNING D:1-11
    52 | D:1      | Reached skill level 3 in Ranged Weapons
    52 | D:1      | Reached XP level 2. HP: 14/23 MP: 2/2
   592 | D:1      | Reached XP level 3. HP: 25/29 MP: 3/3
   781 | D:1      | Found a faded altar of an unknown god.
   793 | D:1      | 793 ||| UPGRADING to +0 pair of boots.
   798 | D:1      | 798 ||| UPGRADING to +0 leather armour.
   808 | D:1      | 808 ||| DROPPING +0 robe.
   809 | D:1      | 809 ||| UPGRADING to +0 cloak.
   814 | D:1      | 814 ||| UPGRADING to amulet of faith.
   819 | D:1      | 819 ||| READING scroll labelled IHEYME HEYMIO.
   823 | D:1      | 823 ||| READING scroll labelled BONTAU DOASI.
   824 | D:1      | 824 ||| READING scroll labelled EWKADU DUPEGENN.
   825 | D:1      | 825 ||| DROPPING scroll of poison.
  1023 | D:2      | Reached skill level 4 in Ranged Weapons
  1059 | D:2      | Identified the +1 dagger of the Eggplant {holy, rElec rF-
                  | Str-2 Dex+8}
  1619 | D:2      | Reached XP level 4. HP: 36/36 MP: 4/4
  1731 | D:2      | Found a glowing silver altar of Zin.
  1831 | D:3      | 1831 ||| Stepping ~*~*~tactically~*~*~ (outnumbered).
  1844 | D:3      | Reached skill level 5 in Ranged Weapons
  1854 | D:3      | HP: 7/37 [adder (4)]
  2088 | D:3      | Found Efeliw's Vocational Training.
  2122 | D:3      | Reached skill level 3 in Fighting
  2139 | D:3      | Reached XP level 5. HP: 37/45 MP: 5/5
  2213 | D:3      | Reached skill level 1 in Armour
  2552 | D:3      | 2552 ||| UPGRADING to +0 ring mail.
  2562 | D:3      | 2562 ||| DROPPING +0 leather armour.
  2563 | D:3      | 2563 ||| UPGRADING to ring of poison resistance.
  2564 | D:3      | 2564 ||| READING 4 scrolls labelled YCINGIT WUEGOY.
  2565 | D:3      | 2565 ||| DRINKING 2 grey potions.
  2566 | D:3      | 2566 ||| READING 3 scrolls of identify.
  2566 | D:3      | 2566 ||| IDENTIFYING bubbling pink potion
  2567 | D:3      | 2567 ||| READING 2 scrolls of identify.
  2567 | D:3      | 2567 ||| IDENTIFYING lumpy brown potion
  2568 | D:3      | 2568 ||| DROPPING potion of attraction.
  2587 | D:4      | Found a white marble altar of Elyvilon.
  2631 | D:4      | Found a glowing silver altar of Zin.
  2632 | D:4      | Noticed an angel
  2640 | D:4      | Found a shimmering altar of Xom.
  2721 | D:4      | Noticed a phantom
  2743 | D:4      | Killed a phantom
  2812 | D:4      | Reached skill level 6 in Ranged Weapons
  2869 | D:4      | Reached XP level 6. HP: 49/52 MP: 6/6
  3040 | D:4      | HP: 10/52 [ogre/+0 giant club (26)]
  3041 | D:4      | 3041 ||| READING scroll of teleportation.
  3041 | D:4      | Mangled by an ogre

Levels and vault maps discovered:
D:1:      dpeg_arrival_ternary, layout_loops_ring,
          hellmonk_ecumenical_altar_defaced_shrine
D:2:      layout_loops_corners, basic_altar, corexii_corridor_pit,
          minmay_lizard_king
D:3:      layout_loops_ring, nicolae_shop_vocational
D:4:      layout_loops_ring, grunt_temple_overflow_order_and_chaos_1,
          elyvilon_altar_4

Skill      XL: |  1  2  3  4  5 |
---------------+----------------+-----
Ranged Weapons | 3 4 5 6 |  6.0
Fighting       | 2 3 |  3.9
Armour         | 1 |  1.0
Dodging        | |  2.1
Spellcasting   | |  1.0
Hexes          | |  2.0

Action                     |  1- 3 |  4- 6 || total
---------------------------+-------+-------++-------
   Fire: Sling             |   163 |   134 ||   297
    Use: Scroll            |     3 |     4 ||     7
         Potion            |       |     1 ||     1
 Armour: Robe              |     5 |       ||     5
         Leather armour    |    10 |    14 ||    24
         Ring mail         |       |    12 ||    12
  Dodge: Dodged            |    50 |    56 ||   106

Table legend:
 A = Non-vault XP
 B = Vault XP
 C = Vault XP percentage of total XP
 D = Non-vault monster count
 E = Vault monster count
 F = Vault count percentage of total count
                 A         B        C        D         E       F
            +---------+---------+-------+---------+---------+-------
      Total |     389 |      21 |   5.1 |      74 |      15 |  16.9
            +---------+---------+-------+---------+---------+-------
        D:1 |      42 |      11 |  20.8 |      22 |       5 |  18.5
        D:2 |      35 |      10 |  22.2 |      20 |      10 |  33.3
        D:3 |     115 |       0 |   0.0 |      25 |       0 |   0.0
        D:4 |     197 |       0 |   0.0 |       7 |       0 |   0.0
            +---------+---------+-------+---------+---------+-------
